 Dungeon Crawl Stone Soup version 0.29-a0-542-g075992c915 (webtiles) character file.

Game seed: 14700198756198790646

311 Sabo the Skirmisher (level 6, -16/55 HPs)
             Began as a Minotaur Fighter on June 3, 2022.
             Killed from afar by Dowan (21 damage)
             ... with a shard of ice
             ... on level 4 of the Dungeon.
             The game lasted 00:16:11 (2923 turns).

Sabo the Skirmisher (Minotaur Fighter)              Turns: 2923, Time: 00:16:12

Health: -16/55     AC:  7    Str: 20    XL:     6   Next: 18%
Magic:  5/5        EV:  8    Int:  5    God:
Gold:   143        SH:  9    Dex: 12    Spells: 5/5 levels left

rFire   . . .      SeeInvis .   a - +0 war axe
rCold   . . .      Faith    .   i - +0 kite shield
rNeg    . . .      Spirit   .   b - +0 scale mail
rPois   +          Reflect  .   (helmet restricted)
rElec   .          Harm     .   (no cloak)
rCorr   +          Rampage  .   (no gloves)
Will    .....                   (no boots)
Stlth   ..........              h - amulet of the acrobat
HPRegen 0.18/turn               c - ring of resist corrosion
MPRegen 0.09/turn               p - ring of poison resistance

@: mighty
A: horns 2, retaliatory headbutt
a: no special abilities


You were on level 4 of the Dungeon.
You visited 1 branch of the dungeon, and saw 4 of its levels.

You collected 143 gold pieces.

Inventory:

Hand Weapons
 a - a +0 war axe (weapon)
 f - a +0 hunting sling
 s - a +3 short sword
Armour
 b - a +0 scale mail (worn)
 i - a +0 kite shield (worn)
 u - a +0 plate armour
Jewellery
 c - a ring of resist corrosion (left hand)
 h - an amulet of the acrobat (around neck)
 p - a ring of poison resistance (right hand)
Scrolls
 e - a scroll of poison {unknown}
 k - a scroll of teleportation {unknown}
 l - a scroll of amnesia {unknown}
 n - a scroll of vulnerability {unknown}
 q - a scroll of acquirement {unknown}
 r - a scroll of summoning {unknown}
 t - a scroll of fog {unknown}
Potions
 d - a potion of might
 g - a potion of curing {unknown}
 j - a potion of haste {unknown}
 m - a potion of resistance {unknown}
 o - a potion of brilliance {unknown}


   Skills:
 + Level 4.9 Fighting
 + Level 0.5 Short Blades
 + Level 4.7 Axes
 + Level 4.7 Armour
 + Level 1.9 Dodging
 + Level 0.7 Stealth
 + Level 4.8 Shields


You had 5 spell levels left.
You didn't know any spells.
Your spell library contained the following spells:

 Spells                   Type           Power      Damage    Failure   Level
 Gell's Gravitas          Tloc           0%         N/A       100%        3
 Lesser Beckoning         Tloc           0%         N/A       100%        3
 Teleport Other           Tloc           0%         N/A       100%        3


Dungeon Overview and Level Annotations

Branches:
Dungeon (4/15)
 Temple: D:4-7

Altars:
Cheibriados

Annotations:
D:4 Dowan


Innate Abilities, Weirdness & Mutations

You have a pair of horns on your head.
You reflexively headbutt those who attack you in melee.


Message History

You barely miss Dowan.
Dowan is heavily wounded.
You closely miss Duvessa. Duvessa hits you but does no damage.
Dowan casts a spell.
Dowan blinks!
An adder comes into view.
Duvessa hits you with a +0 short sword.
The adder hisses angrily.
You slash the hobgoblin!
You kill the hobgoblin!
You hit Duvessa. You slash the goblin!
You kill the goblin!
Duvessa hits you with a +0 short sword. Duvessa hits you with a +0 short sword!
Dowan gestures at you while chanting. You resist with some effort.
You hit Duvessa.
Duvessa is moderately wounded.
Duvessa hits you but does no damage. x2
You slash Duvessa! You headbutt Duvessa!
You kill Duvessa!
Dowan screams, "No!
No!"
Dowan seems to find hidden reserves of power!
You closely miss Dowan. You block Dowan's attack.
Dowan hits you with a +5 dagger of freezing!
* * * LOW HITPOINT WARNING * * *
Dowan freezes you.
* * * LOW HITPOINT WARNING * * *
You block the adder's attack.
You have reached level 6!
You hit Dowan.
Dowan is severely wounded.
You hit the adder.
Dowan hits you with a +5 dagger of freezing.
* * * LOW HITPOINT WARNING * * *
Dowan freezes you.
* * * LOW HITPOINT WARNING * * *
The adder barely misses you. Dowan casts a spell at you.
The shard of ice hits you!!
You die...

####### #.....#
#.....# #...!.#
#..e..# #..)@.#
#..)S.#
#####.....#
...##.......###
.......<...#
...##......#
#......#
#........
#.......g..


You could see Dowan (fast) and an adder.

Vanquished Creatures
  Duvessa (D:4)
  A hound (D:3)
  12 adders
  3 dart slugs
  An orc (D:3)
  9 bats
  7 endoplasms
  5 goblins
  3 hobgoblins
  3 kobolds
  5 quokkas
  4 ball pythons
  5 frilled lizards
  9 rats
68 creatures vanquished.

Notes
Turn   | Place    | Note
-------+----------+-------------------------------------------
     0 | D:1      | Sabo the Minotaur Fighter began the quest for the Orb.
     0 | D:1      | Reached XP level 1. HP: 19/19 MP: 0/0
    59 | D:1      | Reached XP level 2. HP: 26/27 MP: 1/1
   738 | D:2      | Reached XP level 3. HP: 33/33 MP: 2/2
   771 | D:2      | Found a snail-covered altar of Cheibriados.
  1005 | D:2      | Reached skill level 1 in Dodging
  1005 | D:2      | Reached XP level 4. HP: 23/40 MP: 3/3
  1884 | D:3      | Reached XP level 5. HP: 47/47 MP: 4/4
  2677 | D:3      | Found a faded altar of an unknown god.
  2862 | D:4      | Noticed Duvessa
  2862 | D:4      | Noticed Dowan
  2908 | D:4      | Noticed a phantom
  2922 | D:4      | Killed Duvessa
  2923 | D:4      | Reached XP level 6. HP: 9/55 MP: 5/5
  2923 | D:4      | Killed from afar by Dowan

Illustrated notes

Levels and vault maps discovered:
D:1:      minmay_arrival_cross, layout_basic
D:2:      layout_loops_cross, basic_altar, hangedman_decor_growths, st_stairs_4,
          kennysheep_cluttered_room, kennysheep_generic_room_7
D:3:      layout_loops_ring, chequers_ecumenical_altar_lobes, grunt_ministairs_9
D:4:      layout_rooms, tgw_sif, temple_hall, uniq_duvessa

Skill      XL: |  1  2  3  4  5 |
---------------+----------------+-----
Fighting       | 4 |  4.9
Shields        | 4 |  4.8
Armour         | 4 |  4.7
Axes           | 3 4 |  4.7
Dodging        | 1 |  1.9
Short Blades   | |  0.5
Stealth        | |  0.7

Action                   |  1- 3 |  4- 6 || total
-------------------------+-------+-------++-------
Melee: War axe           |    49 |    70 ||   119
       Headbutt          |     8 |     8 ||    16
       Short sword       |       |    23 ||    23
  Use: Scroll            |       |     1 ||     1
       Potion            |       |     1 ||     1
Armor: Scale mail        |    28 |    38 ||    66
Dodge: Dodged            |    34 |    34 ||    68
Block: Buckler           |     3 |       ||     3
       Kite shield       |    22 |    42 ||    64

Table legend: (Time is in decaauts)
 A = Elapsed time spent in this place.
 B = Non-inter-level travel time spent in this place.
 C = Inter-level travel time spent in this place.
 D = Time resting spent in this place.
 E = Time spent auto-exploring this place.
 F = Levels seen in this place.
 G = Mean time per level.
                   A        B        C        D        E       F      G
               +--------+--------+--------+--------+--------+-----+--------+
         Total |   2985 |   2985 |      0 |    506 |      0 |   4 |  746.2 |
       Dungeon |   2985 |   2985 |      0 |    506 |      0 |   4 |  746.2 |
               +--------+--------+--------+--------+--------+-----+--------+

Top non-repeatable levels by time:
     D:2: 1190 daAuts
     D:3: 1065 daAuts
     D:1: 714 daAuts
     D:4: 14 daAuts
